 Dungeon Crawl Stone Soup version 0.31-a0-1178-gc5c9b8f871 (webtiles) character file.

Game seed: 16987761910076227670

2170 Solx the Cleaver (level 9, -8/123 HPs)
             Began as a Hill Orc Fighter on Dec 11, 2023.
             Was an Initiate of Gozag.
             Killed by divine providence
             ... invoked by a meliai
              (13 damage)
             ... on level 8 of the Dungeon.
             The game lasted 00:19:13 (6078 turns).

Solx the Cleaver (Hill Orc Fighter)                 Turns: 6078, Time: 00:19:13

Health: -8/123     AC: 24    Str: 23    XL:     9   Next: 32%
Magic:  9/9        EV:  2    Int:  8    God:    Gozag
Gold:   325        SH:  4    Dex: 10    Spells: 8/8 levels left

rFire   . . .        a - +0 war axe
rCold   . . .        c - +0 buckler
rNeg    . . .        x - melded +1 chain mail "Dieplaot" {Slay+3}
rPois   +            h - melded +0 helmet
rElec   .            z - melded +0 cloak
rCorr   .            (gloves currently unavailable)
SInv    .            (boots currently unavailable)
Will    .....        (no amulet)
Stlth   +            l - +5 ring of evasion
HPRegen 0.40/turn    n - ring of flight
MPRegen 0.11/turn

%: no passive effects
@: mighty, brilliant, lethally poisoned (-8 -> -22), tree-form
A: stationary, stasis, torment immunity, boosted hp
a: Renounce Religion, Potion Petition, Call Merchant, Bribe Branch


You were on level 8 of the Dungeon.
You worshipped Gozag.
Gozag was aware of your devotion.
You were a tree.
You visited 1 branch of the dungeon, and saw 8 of its levels.

You collected 664 gold pieces.
You spent 11 gold pieces at shops.
You paid 328 gold pieces to Gozag.

Inventory:

Hand Weapons
 a - a +0 war axe (weapon)
Missiles
 e - 4 poisoned darts
 o - 4 boomerangs
Armour
 b - a +0 scale mail
 c - a +0 buckler (worn)
 h - a +0 helmet (melded)
 q - a +0 chain mail
 x - the +1 chain mail "Dieplaot" (melded) {Slay+3}
   (You found it on level 5 of the Dungeon)

   Slay+3:    It affects your accuracy & damage with ranged weapons and melee
   (+3).
 z - a +0 cloak (melded)
Jewellery
 l - a +5 ring of evasion (left branch)
 n - a ring of flight (right branch)
 y - a ring of resist corrosion
 G - a +6 ring of dexterity
 I - an amulet of magic regeneration
Wands
 B - a wand of flame (17)
 C - a wand of mindburst (13)
 D - a wand of quicksilver (5)
Scrolls
 d - 3 scrolls of revelation
 i - 2 scrolls of poison
 j - a scroll of fear
 k - a scroll of vulnerability
 p - 4 scrolls of teleportation {unknown}
 u - 2 scrolls of fog {unknown}
 v - a scroll of noise {unknown}
 E - a scroll of amnesia {unknown}
 F - 2 scrolls of identify
Potions
 f - 2 potions of degeneration
 g - a potion of might
 m - a potion of enlightenment
 s - a potion of mutation {unknown}
 t - 2 potions of lignification
 w - a potion of berserk rage
 A - 2 potions of invisibility {unknown}
 H - a potion of curing {unknown}


   Skills:
 + Level 8.4 Fighting
 * Level 11.7 Axes
 - Level 5.0 Armour
 - Level 4.2 Shields
 + Level 2.8 Evocations


You had 8 spell levels left.
You didn't know any spells.
Your spell library contained the following spells:

 Spells                   Type           Power      Damage    Failure   Level
 Necrotise                Necr           0%         1d4       45%         1
 Summon Small Mammal      Summ           0%         N/A       45%         1
 Poisonous Vapours        Pois/Air       0%         N/A       61%         2
 Mephitic Cloud           Conj/Pois/Air  0%         N/A       83%         3
 Vampiric Draining        Necr           0%         2d6       83%         3
 Cause Fear               Hex            0%         N/A       99%         4
 Summon Ice Beast         Ice/Summ       0%         N/A       99%         4
 Agony                    Necr           0%         N/A       100%        5
 Fireball                 Conj/Fire      0%         3d3       100%        5
 Freezing Cloud           Conj/Ice/Air   0%         6-21      100%        5
 Summon Forest            Summ/Tloc      0%         N/A       100%        5
 Dragon's Call            Summ           0%         N/A       100%        9


Dungeon Overview and Level Annotations

Branches:
Dungeon (7/15)             Temple (0/1) D:5

Altars:
Gozag
Qazlal

Shops:
D:2 !


Message History

Aim: a meliai, wielding a +0 hand axe and wearing a +0 leather armour (moderately wounded, 60% to hit)
The bolt of dispelling energy misses the meliai.
* * * LOW HITPOINT WARNING * * *
You feel very sick. You block the meliai's attack. The meliai stings you.
* * * LOW HITPOINT WARNING * * *
You are more poisoned.
The meliai poisons you! The meliai misses you.
The meliai stings you but does no damage.
You feel much better.
* * * LOW HITPOINT WARNING * * *
You feel extremely sick. The meliai hits you but does no damage.
The meliai barely misses you. The meliai hits you with a +0 hand axe!
* * * LOW HITPOINT WARNING * * *
The meliai closely misses you.
You miss the meliai.
The meliai is moderately wounded.
* * * LOW HITPOINT WARNING * * *
You feel very sick.
You block the meliai's attack. x2; The meliai hits you but does no damage.
The meliai barely misses you.
You slash the meliai!
The meliai is severely wounded.
* * * LOW HITPOINT WARNING * * *
You feel very sick. The meliai barely misses you.
You block the meliai's attack.
Unknown command.
You turn into a tree.
Your +0 cloak melds into your body.
Your +0 helmet melds into your body.
The +1 chain mail "Dieplaot" {Slay+3} melds into your body.
Your roots penetrate the ground.
* * * LOW HITPOINT WARNING * * *
You feel very sick. The meliai hits you but does no damage.
The meliai stings you but does no damage.
The meliai mumbles some strange prayers to its god against you.
Something smites you!
You die...
Your body crumbles into a pile of gold.

. .. #.. # .. .
#.###########.#....
#..y♣.)............
#############...(..
#.##. #


You could see a meliai.

Vanquished Creatures
  2 meliai (D:8)
  A hornet (D:7)
  A black bear (D:5)
  A centaur (D:7)
  2 phantoms
  Blork the orc (D:6)
  A bullfrog (D:6)
  A scorpion (D:7)
  A gnoll sergeant (D:6)
  2 howler monkeys
  An electric eel (D:7)
  8 hounds
  A jelly (D:7)
  3 orc priests (D:6)
  Jessica (D:2)
  6 iguanas
  3 orc wizards
  6 adders
  17 gnolls
  A worm (D:4)
  A dart slug (D:2)
  21 orcs
  4 ball pythons
  3 endoplasms
  5 goblins
  5 hobgoblins
  7 jackals
  5 kobolds
  2 quokkas
  4 bats
  5 frilled lizards
  6 rats
128 creatures vanquished.

Notes
Turn   | Place    | Note
-------+----------+-------------------------------------------
     0 | D:1      | Solx the Hill Orc Fighter began the quest for the Orb.
     0 | D:1      | Reached XP level 1. HP: 19/19 MP: 1/1
    15 | D:1      | Got Etuc's Collected Works on Support
   195 | D:1      | Reached skill level 3 in Axes
   195 | D:1      | Reached XP level 2. HP: 27/27 MP: 2/2
   388 | D:1      | Reached XP level 3. HP: 33/33 MP: 3/3
   722 | D:2      | Noticed Jessica
   744 | D:2      | Killed Jessica
   745 | D:2      | Reached skill level 4 in Axes
   896 | D:2      | Reached XP level 4. HP: 40/40 MP: 4/4
  1155 | D:2      | Found Musoogg's Distillery.
  1163 | D:2      | Bought a potion of degeneration for 11 gold pieces
  1235 | D:2      | Reached skill level 5 in Axes
  1235 | D:2      | Reached XP level 5. HP: 14/47 MP: 5/5
  2486 | D:4      | Reached skill level 5 in Fighting
  2486 | D:4      | Reached skill level 6 in Axes
  2486 | D:4      | Reached XP level 6. HP: 56/56 MP: 6/6
  2829 | D:4      | Reached skill level 7 in Axes
  3172 | D:5      | Entered Level 5 of the Dungeon
  3192 | D:5      | Identified the +1 chain mail "Dieplaot" {Slay+3}
  3327 | D:5      | Reached XP level 7. HP: 62/62 MP: 7/7
  3365 | D:5      | Reached skill level 8 in Axes
  3603 | D:5      | Found a stormy altar of Qazlal.
  3605 | D:5      | Found an opulent altar of Gozag.
  3660 | D:5      | Became a worshipper of Gozag Ym Sagoz the Greedy
  3892 | D:5      | Found a staircase to the Ecumenical Temple.
  4156 | D:6      | Reached XP level 8. HP: 61/71 MP: 8/8
  4203 | D:6      | Reached skill level 9 in Axes
  4490 | D:6      | Noticed Blork the orc
  4504 | D:6      | Killed Blork the orc
  4959 | D:7      | Reached skill level 10 in Axes
  5206 | D:7      | Reached skill level 5 in Armour
  5582 | D:7      | Noticed a hornet
  5589 | D:7      | Paralysed by a hornet for 3 turns
  5594 | D:7      | Killed a hornet
  5595 | D:7      | Reached skill level 1 in Evocations
  5763 | D:7      | Reached skill level 11 in Axes
  5763 | D:7      | Reached XP level 9. HP: 66/81 MP: 9/9
  6048 | D:7      | You are sucked into a shaft and drop 1 floor!
  6051 | D:8      | Noticed a meliai
  6055 | D:8      | Noticed a meliai
  6063 | D:8      | Killed a meliai
  6064 | D:8      | Killed a meliai
  6069 | D:8      | Noticed a meliai
  6078 | D:8      | HP: 5/123 [poisoned by a meliai]
  6078 | D:8      | Killed from afar by a meliai

Illustrated notes

Levels and vault maps discovered:
D:1:      nicolae_arrival_somewhat_less_tricky_arrival, layout_rooms
D:2:      layout_loops_corners, serial_shops, shop,
          amcnicky_mini_rare_corridor_liquid, uniq_jessica
D:3:      layout_loops_ring
D:4:      layout_basic, hex_tiny, minivault_19, serial_park_tiny_pond
D:5:      layout_cave_pools, jmf_multi_god_temple, lemuel_temple_firewalk_b,
          grunt_decor_cap
D:6:      layout_basic, serial_park_tiny_2, uniq_blork_the_orc
D:7:      layout_loops_corners, serial_bayou_lagoon_a
D:8:      layout_loops_ring, gammafunk_ghost_ooze, uniq_psyche, uniq_pikel

Skill      XL: |  1  2  3  4  5  6  7  8  9 |
---------------+----------------------------+-----
Axes           | 3 4 5 6 7 8 11 | 11.7
Fighting       | 4 5 6 7 8 |  8.4
Shields        | 4 |  4.2
Armour         | 4 5 |  5.0
Evocations     | 1 2 |  2.8

Action                     |  1- 3 |  4- 6 |  7- 9 || total
---------------------------+-------+-------+-------++-------
  Melee: War axe           |    58 |   159 |   209 ||   426
 Invoke: Potion Petition   |       |       |     1 ||     1
  Evoke: Wand              |       |       |     4 ||     4
    Use: Potion            |     1 |       |     4 ||     5
         Scroll            |       |     8 |       ||     8
 Armour: Scale mail        |    41 |    38 |       ||    79
         Chain mail        |       |    43 |   141 ||   184
         Skin              |       |       |     2 ||     2
  Dodge: Dodged            |    27 |    96 |   126 ||   249
  Block: Buckler           |    15 |    32 |    35 ||    82

Table legend: (Time is in decaauts)
 A = Elapsed time spent in this place.
 B = Non-inter-level travel time spent in this place.
 C = Inter-level travel time spent in this place.
 D = Time resting spent in this place.
 E = Time spent auto-exploring this place.
 F = Levels seen in this place.
 G = Mean time per level.
                   A        B        C        D        E       F      G
               +--------+--------+--------+--------+--------+-----+--------+
         Total |   6176 |   6174 |      2 |    622 |   3499 |   8 |  772.0 |
       Dungeon |   6176 |   6174 |      2 |    622 |   3499 |   8 |  772.0 |
               +--------+--------+--------+--------+--------+-----+--------+

Top non-repeatable levels by time:
     D:2: 1158 daAuts
     D:7: 1103 daAuts
     D:6: 928 daAuts
     D:5: 812 daAuts
     D:4: 811 daAuts
     D:1: 712 daAuts
     D:3: 620 daAuts
     D:8: 29 daAuts
